Map: Eternal Empire LE

Players

redbusman - Winner!

  • Race: Terran Terran
  • League: Bronze
  • Spawn Location: 1:00

SwiftSword

  • Race: Protoss Protoss
  • Spawn Location: 7:00

VOD

Have the link to the VOD?

Description

Time

  • Played on: July 18, 2020, 5:43 p.m.
  • Length: 15:25
Show
View Real Time Build Order
Export as new Build Order

redbusman Terran - Winner!

Build Orders:  

Get SALT Encoding   

  12  0:02  SCV  
  13  0:14  SCV  
  13  0:20  Supply Depot  
  14  0:26  SCV  
  15  0:37  Refinery  
  15  0:42  SCV  
  16  0:52  Barracks  
  16  0:54  SCV  
  17  1:06  SCV  
  18  1:18  SCV  
  19  1:27  Supply Depot  
  19  1:42  Marine  
  19  1:45  Orbital Command  
  20  1:55  Command Center  
  20  2:16  SCV  
  21  2:24  Factory  
  21  2:28  SCV  
  22  2:32  Barracks Reactor  
  22  2:40  SCV  
  23  2:47  Refinery  
  23  2:52  Engineering Bay  
  23  3:08  Marine x2  
  23  3:12  Orbital Command  
  25  3:24  Widow Mine  
  25  3:25  Starport  
  25  3:26  Marine x2  
  29  3:44  Marine x2  
  29  3:47  Barracks  
  29  3:48  Barracks  
  31  3:52  Factory Tech Lab  
  31  4:01  Marine  
  32  4:02  Starport Tech Lab  
  32  4:07  SCV  
  33  4:10  SCV  
  34  4:19  SCV  
  34  4:22  SCV  
  36  4:28  Marine x2  
  36  4:31  SCV  
  39  4:34  Terran Infantry Weapons Level 1, SCV  
  40  4:43  SCV  
  41  4:46  Marine x2, SCV  
  44  4:55  SCV  
  44  4:58  SCV  
  44  4:59  Combat Shield  
  46  5:01  Stimpack  
  46  5:13  Marauder, Marine x2  
  50  5:18  Supply Depot  
  50  5:20  Supply Depot  
  50  5:22  Supply Depot  
  50  5:24  Supply Depot  
  50  5:25  Marine  
  51  5:30  Marine x2  
  51  5:34  Medivac  
  51  5:35  Marauder  
  57  5:41  SCV  
  58  5:43  Marine  
  58  5:48  Marine  
  60  5:53  SCV, Missile Turret  
  61  5:57  Missile Turret  
  61  6:00  Marine  
  62  6:04  Medivac  
  62  6:08  Missile Turret  
  62  6:10  Marine x3  
  67  6:17  Factory Tech Lab  
  67  6:18  Marine  
  68  6:28  Supply Depot, Marine x3  
  68  6:30  Supply Depot  
  71  6:34  Medivac  
  71  6:35  Terran Infantry Armor Level 1  
  71  6:36  Marine  
  74  6:43  Armory  
  74  6:45  Marine  
  75  6:52  Command Center, SCV  
  76  7:04  SCV  
  76  7:06  Marauder x2  
  76  7:07  Marine x2  
  83  7:16  SCV  
  83  7:20  Refinery  
  84  7:25  Refinery  
  84  7:27  Marauder x2  
  84  7:28  SCV  
  89  7:33  Siege Tank  
  92  7:40  SCV  
  93  7:56  Marine  
  93  7:57  Marine x3  
  97  8:14  Marine x2  
  97  8:15  Marine x2  
  101  8:32  Marine x4  
  105  8:50  Marine x2  
  105  8:51  Marauder x2  
  97  9:08  Marine x2  
  68  9:12  Marauder, Marine  
  71  9:27  Marine  
  71  9:28  Marine  
  71  9:29  Marine  
  74  9:33  Marine  
  75  9:41  Medivac  
  77  9:45  Marine x2  
  77  9:46  Terran Infantry Armor Level 2  
  77  9:47  Marine  
  77  9:51  Marine  
  81  9:57  Engineering Bay  
  81  10:00  Planetary Fortress  
  81  10:03  Marine x2  
  81  10:05  Marine  
  84  10:09  Marine  
  84  10:11  Medivac  
  87  10:17  Missile Turret x2  
  87  10:21  Marine x2  
  87  10:23  Marine  
  87  10:26  Marine  
  91  10:41  Marine x3, Medivac  
  96  10:44  Marine  
  96  10:49  Barracks  
  97  10:52  Barracks  
  97  10:53  SCV  
  98  10:58  Terran Infantry Weapons Level 2, Marine  
  98  10:59  Marauder, Marine  
  98  11:03  Marauder  
  104  11:05  SCV  
  105  11:15  Refinery  
  105  11:16  Refinery, Marine x2  
  105  11:17  SCV  
  108  11:21  Marauder  
  108  11:24  Marauder  
  112  11:29  SCV  
  112  11:30  Cyclone  
  116  11:34  Marine x2, Medivac  
  120  11:41  SCV  
  120  11:42  Marauder  
  120  11:44  Supply Depot  
  120  11:45  Marauder  
  125  11:47  Supply Depot  
  125  11:48  Supply Depot x4  
  125  11:57  Supply Depot x2  
  125  11:58  Supply Depot  
  125  12:00  Supply Depot  
  125  12:02  Supply Depot, Hi-Sec Auto Tracking  
  125  12:05  Cyclone, Marine x3  
  125  12:06  Marine  
  132  12:23  Marine x3  
  132  12:24  Marine  
  136  12:37  Cyclone  
  136  12:41  Marine x3  
  136  12:42  Marine  
  143  12:44  Medivac  
  145  12:59  Marine x3  
  145  13:00  Marine  
  149  13:10  Cyclone  
  152  13:14  Medivac, Neosteel Armor  
  152  13:16  Marine x2  
  113  13:42  Cyclone  
  113  13:44  Medivac  
  113  13:47  Marine x3  
  113  13:48  Marine  
  118  14:02  Marine x2  
  119  14:05  Marine x4  
  124  14:14  Cyclone, Medivac  
  129  14:20  Marine x2  
  129  14:22  Marine  
  129  14:23  Marine x3  
  135  14:38  Marine x2  
  135  14:40  Marine  
  135  14:41  Marine x3  
  135  14:44  Viking  
  141  14:46  Cyclone  
  144  14:56  Marine x2  
  144  14:58  Marine  
  144  14:59  Marine x3  
Show
View Real Time Build Order
Export as new Build Order

SwiftSword Protoss 

Build Orders:  

Get SALT Encoding   

  12  0:03  Probe  
  13  0:16  Pylon  
  13  0:19  Probe  
  14  0:37  Gateway  
  14  0:50  Probe  
  15  0:58  Probe  
  15  1:03  Assimilator  
  16  1:07  Probe  
  17  1:19  Probe  
  18  1:27  Cybernetics Core  
  18  1:29  Zealot  
  18  1:31  Probe  
  21  1:43  Probe  
  22  1:47  Pylon  
  22  1:57  Gateway  
  22  2:05  Zealot  
  23  2:21  Probe  
  24  2:30  Assimilator  
  24  2:33  Probe  
  25  2:45  Probe  
  25  2:46  Nexus  
  25  2:50  Pylon  
  26  2:57  Probe  
  27  3:09  Adept x2, Probe  
  32  3:21  Probe  
  33  3:31  Twilight Council  
  33  3:32  Forge  
  33  3:33  Probe  
  34  3:45  Probe  
  35  3:57  Probe  
  36  4:05  Gateway  
  37  4:10  Probe  
  37  4:12  Robotics Facility  
  37  4:19  Pylon  
  37  4:22  Probe  
  37  4:24  Pylon  
  38  4:40  Pylon  
  38  4:41  Probe x2  
  38  4:43  Photon Cannon x2  
  38  4:45  Shield Battery  
  40  4:53  Probe x2  
  42  5:05  Probe x2  
  44  5:17  Probe x2  
  44  5:20  Warp Gate  
  46  5:25  Adept  
  46  5:26  Adept x2  
  52  5:29  Probe x2  
  54  5:41  Probe x2  
  56  5:49  Observer  
  57  5:53  Probe x2  
  57  5:55  Adept  
  57  5:56  Adept x2  
  65  6:01  Charge  
  65  6:07  Assimilator  
  65  6:10  Immortal  
  65  6:11  Assimilator  
  69  6:16  Protoss Ground Weapons Level 1  
  69  6:37  Photon Cannon  
  69  6:39  Photon Cannon  
  69  6:49  Photon Cannon, Immortal  
  73  6:56  Pylon  
  73  7:03  Pylon  
  73  7:09  Stalker x2  
  77  7:34  Pylon  
  77  7:38  Pylon  
  77  7:40  Resonating Glaives  
  77  7:41  Pylon  
  77  7:43  Stalker x2  
  77  7:44  Stalker, Pylon  
  81  7:50  Observer  
  84  7:51  Pylon  
  84  8:02  Shield Battery  
  84  8:12  Observer  
  85  8:14  Photon Cannon x2  
  85  8:17  Photon Cannon  
  85  8:24  Protoss Ground Armor Level 1  
  85  8:30  Nexus  
  85  8:32  Stalker x3  
  83  9:27  Nexus  
  83  9:32  Pylon  
  83  9:34  Pylon  
  83  9:38  Stargate  
  83  9:40  Stargate  
  83  9:45  Stargate  
  83  9:47  Stargate  
  83  10:01  Gateway  
  83  10:09  Stalker x2  
  83  10:10  Stalker  
  89  10:33  Protoss Ground Weapons Level 2  
  89  10:40  Shield Battery  
  89  10:42  Shield Battery  
  89  10:44  Photon Cannon x2  
  89  10:46  Photon Cannon  
  89  10:48  Photon Cannon  
  89  10:49  Photon Cannon  
  89  10:51  Photon Cannon  
  89  10:52  Photon Cannon  
  89  11:18  Probe x3  
  92  11:28  Assimilator  
  92  11:30  Probe x3  
  95  11:32  Assimilator  
  95  11:39  Stalker x3  
  101  11:40  Stalker  
  101  11:42  Probe x3  
  106  11:54  Probe x3  
  106  11:57  Fleet Beacon  
  109  12:06  Probe x3  
  112  12:20  Protoss Air Weapons Level 1  
  112  12:46  Carrier  
  112  12:47  Carrier  
  124  13:05  Carrier  
  130  13:23  Templar Archives  
  84  13:43  Zealot x2  
  84  13:44  Zealot x2  
  79  14:12  Zealot x2  
  79  14:13  Zealot x2  
  81  14:23  Immortal  
  48  14:49  Adept x3  
  48  14:50  Adept  
  51  15:13  Adept  
  51  15:14  Adept  
Tags
 
Add a new tag
Caveats
  • Supply blocks, unpowered buildings, or Contaminate may cause inaccurate times.
  • Supply counts are checked every 10 seconds.